 Dungeon Crawl Stone Soup version 0.18.1-8-gdd0e5ea (webtiles) character file.

26530 Scarto the Fighter (level 13, -20/77 HPs)
             Began as a Gargoyle Fighter on June 2, 2016.
             Was the Champion of the Shining One.
             Killed from afar by a fire dragon (48 damage)
             ... with a blast of flame
             ... on level 15 of the Dungeon.
             The game lasted 00:35:07 (15149 turns).

Scarto the Fighter (Gargoyle Fighter)              Turns: 15149, Time: 00:35:07

Health: -20/77     AC: 41    Str: 26    XL:     13   Next: 26%
Magic:  17/17      EV:  8    Int:  8    God:    the Shining One [******]
Gold:   864        SH: 14    Dex:  7    Spells: 0 memorised, 12 levels left

rFire  . . .     SeeInvis +     n - +2 flail (protect)
rCold  . . .     Gourm    .     D - +3 plate armour
rNeg   + + +     Faith    .     c - +1 shield
rPois  ∞         Spirit   .     (no helmet)
rElec  +         Dismiss  +     o - +2 cloak
rCorr  .         Reflect  .     (no gloves)
SustAt .         Harm     .     (no boots)
MR     .....     NoTele   +     x - amulet of Cekugob {Dismiss -Tele rElec rPois rN++ AC+1 EV+1}
Stlth  ..........               y - ring of see invisible
                                b - +4 ring of protection

@: glowing, not resistant to hostile enchantments, extremely unstealthy
A: big wings, claws 1, clumsy 1, dopey 1, frail 1, mutation resistance 1,
negative energy resistance 1, electricity resistance, strong 1, unbreathing,
petrification resistance, rot immunity, MP-powered wands, AC +9
a: Fly, Divine Shield, Cleansing Flame, Summon Divine Warrior, Brand Weapon With
Holy Wrath, Renounce Religion


You were on level 15 of the Dungeon.
You worshipped the Shining One.
The Shining One was exalted by your worship.
You were very full.

You visited 1 branch of the dungeon, and saw 15 of its levels.
You also visited: Sewer.

You collected 864 gold pieces.

Inventory:

Hand Weapons
 n - a +2 flail of protection (weapon)
Missiles
 k - 7 tomahawks (quivered)
 l - 4 javelins
Armour
 c - a +1 shield (worn)
 o - a +2 cloak (worn)
 D - a +3 plate armour (worn)
Jewellery
 b - a +4 ring of protection (left claw)
 s - an uncursed ring of sustain attributes
 u - a +4 ring of dexterity
 x - the amulet of Cekugob (around neck) {Dismiss -Tele rElec rPois rN++ AC+1 EV+1}
   (You found it on level 9 of the Dungeon)

   [amulet of dismissal]

   It may teleport away creatures that harm you.
   It affects your AC (+1).
   It affects your evasion (+1).
   It insulates you from electricity.
   It protects you from poison.
   It greatly protects you from negative energy.
   It prevents most forms of teleportation.
 y - a ring of see invisible (right claw)
Wands
 i - a wand of digging (7/24)
 w - a wand of digging (11/24)
 A - a wand of enslavement (11/24)
Scrolls
 e - 3 scrolls of teleportation
 h - 2 scrolls of recharging
 j - 9 scrolls of identify
 v - a scroll of fear
Potions
 a - a potion of lignification
 d - 4 potions of agility
 f - a potion of berserk rage
 g - a potion of resistance
 m - a potion of haste
 p - 5 potions of curing
 q - 6 potions of flight
 r - a potion of brilliance
 z - a potion of ambrosia
 C - a potion of might
Comestibles
 t - 7 meat rations
 B - 9 beef jerkies
 E - 2 chunks of flesh


   Skills:
 + Level 12.2 Fighting
 + Level 10.7 Maces & Flails
 + Level 12.1 Armour
 + Level 12.0 Shields
 + Level 6.0 Invocations


You had 12 spell levels left.
You didn't know any spells.

Dungeon Overview and Level Annotations

Branches:
Dungeon (15/15)            Temple (0/1) D:4            Lair (0/8) D:11
    Orc (0/2) D:12         Vaults (0/5) D:14
 Depths: D:15

Altars:
Ashenzari
Fedhas
Gozag
Kikubaaqudgha
Nemelex Xobeh
Okawaru
Pakellas
Qazlal
Vehumet
Xom
Zin
The Shining One
Lugonu

Shops:
D:10 *   D:14 *

Annotations:
D:12 exclusion: ice statue


Innate Abilities, Weirdness & Mutations

You are resistant to torment.
Your stone body is resilient (AC +9).
You are immune to poison.
You resist negative energy.
You are resistant to electric shocks.
You can survive without breathing.
You are immune to petrification.
You are immune to rotting.
Your large and strong wings let you fly indefinitely.
You have sharp fingernails.
You are clumsy. (Dex -2)
You are dopey. (Int -2)
You are frail (-10% HP).
You are somewhat resistant to further mutation.
Your muscles are strong. (Str +2)
You expend magic power (3 MP) to strengthen your wands.


Message History

A fire dragon comes into view.
Found 64 gold pieces.
Found 26 gold pieces.
The fire dragon breathes flames at you. The blast of flame hits you!
The fire dragon breathes flames at you.
The blast of flame hits the fire dragon.
The fire dragon resists.
The blast of flame hits you!
You are too injured to fight recklessly!
You are too injured to fight recklessly!
You hit the fire dragon but do no damage.
The fire dragon is lightly wounded.
You block the fire dragon's attack. x2
The fire dragon tramples you but does no damage.
Your shield and plate armour prevent you from hitting the fire dragon.
The fire dragon is lightly wounded.
The fire dragon breathes flames at you. The blast of flame hits you!
Ouch! That really hurt!
You die...

.....# #....
##....###.....
##..#..##...#
##.....†....#
##..........#
#..8....##..#
#.....####..#
#.##..# ##.##
# #@#####
#..##### #.DD#
##......
#..#..#
#...### #$.
.$# ##.### #$.
.$# #..# #$.
.$#...###.##
#$. .$#
#......#####
##. .##
#..###...##.
#. #......


You could see 2 fire dragons.

Vanquished Creatures
  4 centaur warriors
  A tengu warrior (D:14)
  Urug (D:14)
  5 hill giants
  3 wizards (D:14)
  A wolf spider zombie (D:14)
  2 deep elf magi
  A manticore (D:12)
  5 ugly things
  Joseph (D:9)
  4 centaur skeletons
  5 kobold demonologists
  3 tengu conjurers
  A troll (D:11)
  A harpy skeleton (D:14)
  4 slime creatures (D:12)
  A shadow (D:12)
  Sigmund (D:5)
  5 yaks (D:12)
  4 hungry ghosts
  A wraith (D:14)
  2 basilisks
  4 hippogriffs
  Eustachio (D:7)
  2 steam dragons
  A hippogriff (shapeshifter) (D:15)
  4 vampire mosquitoes (D:13)
  Edmund (D:4)
  The ghost of ThereIsNoGod the Ruffian, an amateur VSMo (D:3)
  A mottled dragon (D:11)
  A soldier ant (D:15)
  2 hell hounds
  5 orc warriors
  2 water moccasins
  An ice beast (D:12)
  An eye of draining (D:12)
  5 phantoms
  2 sky beasts
  6 ogres
  A black bear (D:11)
  A necrophage (D:6)
  10 centaurs
  7 giant frogs
  10 big kobolds
  2 gnoll sergeants
  A wyvern zombie (D:12)
  A wyvern skeleton (D:12)
  A scorpion (D:5)
  7 killer bees (D:8)
  4 howler monkeys
  10 crimson imps
  A giant frog zombie (D:11)
  A quasit (D:10)
  Crazy Yiuf (D:3)
  3 hounds
  2 jellies
  14 orc wizards
  7 orc priests
  A gnoll shaman (D:8)
  Jessica (D:3)
  2 iguanas
  11 worker ants
  A killer bee zombie (D:8)
  A hound zombie (D:6)
  A hound skeleton (D:6)
  3 worker ant zombies
  Robin (D:3)
  20 gnolls
  9 adders
  2 river rats (Sewer)
  7 shadow imps
  2 oozes
  An adder skeleton (D:8)
  A worm (D:2)
  4 dart slugs
  4 giant geckos
  36 orcs
  3 ball pythons
  14 bats
  7 giant cockroaches
  20 goblins
  9 hobgoblins
  5 jackals
  28 kobolds
  8 quokkas
  6 giant newts
  A quokka zombie (D:8)
  14 rats
403 creatures vanquished.

Vanquished Creatures (others)
  A gnoll (D:6)
  2 kobolds (D:13)
3 creatures vanquished.

Grand Total: 406 creatures vanquished

Notes
Turn   | Place    | Note
--------------------------------------------------------------
     0 | D:1      | Scarto the Gargoyle Fighter began the quest for the Orb.
     0 | D:1      | Reached XP level 1. HP: 14/14 MP: 1/1
    96 | D:1      | Reached XP level 2. HP: 17/19 MP: 2/2
   234 | D:1      | Reached XP level 3. HP: 23/23 MP: 3/3
   410 | D:1      | Found a glowing golden altar of the Shining One.
  1195 | D:2      | Reached XP level 4. HP: 15/29 MP: 4/4
  1459 | D:2      | Found a glowing silver altar of Zin.
  1481 | D:2      | Found a shattered altar of Ashenzari.
  1661 | D:2      | Found a glowing golden altar of the Shining One.
  1733 | D:2      | Became a worshipper of the Shining One
  1993 | D:2      | Found an oddly glowing altar of Pakellas.
  2149 | D:2      | Reached XP level 5. HP: 33/33 MP: 5/5
  2152 | D:2      | Found a radiant altar of Vehumet.
  2254 | D:2      | Found a shimmering altar of Xom.
  2713 | D:3      | Noticed ThereIsNoGod's ghost (amateur VSMo)
  2724 | D:3      | Killed ThereIsNoGod's ghost
  2724 | D:3      | Reached skill level 5 in Armour
  2724 | D:3      | Reached XP level 6. HP: 22/39 MP: 6/6
  2745 | D:3      | Found a sparkling altar of Nemelex Xobeh.
  2781 | D:3      | Noticed Crazy Yiuf
  2791 | D:3      | Killed Crazy Yiuf
  3185 | D:3      | Found a glowing drain.
  3191 | Sewer    | Entered a sewer
  3263 | Sewer    | Reached XP level 7. HP: 41/44 MP: 7/7
  3282 | Sewer    | Found a white marble altar of Elyvilon.
  3366 | D:3      | Noticed Jessica
  3366 | D:3      | Reached * piety under the Shining One
  3372 | D:3      | Killed Jessica
  3372 | D:3      | Reached skill level 5 in Fighting
  3425 | D:3      | Noticed Robin
  3453 | D:3      | Killed Robin
  3453 | D:3      | Reached skill level 5 in Shields
  3780 | D:4      | Found a blossoming altar of Fedhas.
  3820 | D:4      | Found a staircase to the Ecumenical Temple.
  4001 | D:4      | Noticed Edmund
  4027 | D:4      | Killed Edmund
  4252 | D:4      | Found a stormy altar of Qazlal.
  4414 | D:5      | Entered Level 5 of the Dungeon
  4659 | D:5      | Noticed Sigmund
  4664 | D:5      | Killed Sigmund
  4664 | D:5      | Reached XP level 8. HP: 51/51 MP: 8/8
  5068 | D:5      | Reached skill level 5 in Maces & Flails
  5662 | D:6      | Reached ** piety under the Shining One
  5991 | D:6      | Reached XP level 9. HP: 56/56 MP: 9/9
  6173 | D:7      | Found an iron altar of Okawaru.
  6214 | D:7      | Noticed Eustachio
  6219 | D:7      | Found an iron altar of Okawaru.
  6305 | D:7      | Killed Eustachio
  6352 | D:7      | Gained mutation: You are dopey. (Int -2) [mutagenic meat]
  6353 | D:7      | Gained mutation: You are frail (-10% HP). [mutagenic meat]
  6354 | D:7      | Gained mutation: Your large and strong wings let you fly indefinitely. [mutagenic meat]
  6355 | D:7      | Gained mutation: You have sharp fingernails. [mutagenic meat]
  6356 | D:7      | Gained mutation: Your muscles are strong. (Str +2) [mutagenic meat]
  6357 | D:7      | Gained mutation: You expend magic power (3 MP) to strengthen your wands. [mutagenic meat]
  7085 | D:8      | Reached *** piety under the Shining One
  7404 | D:8      | Found an opulent altar of Gozag.
  7544 | D:8      | Reached XP level 10. HP: 46/58 MP: 10/10
  7742 | D:9      | Noticed Joseph
  7758 | D:9      | Killed Joseph
  7844 | D:9      | Found an ancient bone altar of Kikubaaqudgha.
  8372 | D:10     | Entered Level 10 of the Dungeon
  8392 | D:10     | Found Emegeggo's Serpentskin Sales.
  8547 | D:10     | Reached **** piety under the Shining One
  8649 | D:10     | Noticed a hill giant
  8658 | D:10     | Killed a hill giant
  8871 | D:11     | Found a staircase to the Lair.
  9034 | D:11     | Noticed a purple ugly thing
  9048 | D:11     | Killed a purple ugly thing
  9064 | D:11     | Noticed a cyan ugly thing
  9081 | D:11     | Reached XP level 11. HP: 24/64 MP: 11/11
  9092 | D:11     | Killed a cyan ugly thing
  9114 | D:11     | Reached skill level 10 in Fighting
  9126 | D:11     | Gained mutation: You are somewhat resistant to further mutation. [mutagenic meat]
  9584 | D:11     | Reached skill level 10 in Armour
  9636 | D:11     | Reached ***** piety under the Shining One
  9795 | D:12     | Noticed a brown ugly thing
  9797 | D:12     | Found a staircase to the Orcish Mines.
 10111 | D:12     | Noticed a manticore
 10139 | D:12     | Noticed a soul eater
 10141 | D:12     | Reached skill level 10 in Shields
 10177 | D:12     | Noticed a sixfirhy
 10422 | D:12     | Found a corrupted altar of Lugonu.
 10539 | D:12     | Killed a brown ugly thing
 10933 | D:12     | Killed a manticore
 11144 | D:12     | Reached skill level 1 in Invocations
 12017 | D:12     | Gained mutation: You are clumsy. (Dex -2) [mutagenic meat]
 12052 | D:13     | Noticed a red ugly thing
 12071 | D:13     | Killed a red ugly thing
 12071 | D:13     | Reached XP level 12. HP: 71/71 MP: 13/13
 12539 | D:13     | Noticed a sun demon
 12789 | D:14     | Reached skill level 10 in Maces & Flails
 12891 | D:14     | Noticed Urug
 12911 | D:14     | Killed Urug
 13188 | D:14     | Noticed a sun demon
 13267 | D:14     | Reached ****** piety under the Shining One
 13435 | D:14     | Found a gate to the Vaults.
 13544 | D:14     | Noticed a centaur warrior
 13554 | D:14     | Killed a centaur warrior
 13554 | D:14     | Reached skill level 5 in Invocations
 13915 | D:14     | Noticed a centaur warrior
 13925 | D:14     | Killed a centaur warrior
 13925 | D:14     | Reached XP level 13. HP: 75/77 MP: 15/17
 14155 | D:14     | Found Riel Fiad's Elemental Accessories.
 14372 | D:14     | HP: 1/77 [very large slime creature (33)]
 14879 | D:15     | Entered Level 15 of the Dungeon
 15144 | D:15     | Noticed a fire dragon
 15145 | D:15     | Noticed a fire dragon
 15149 | D:15     | Killed from afar by a fire dragon

Skill      XL: |  1  2  3  4  5  6  7  8  9 10 11 12 13 |
---------------+----------------------------------------+-----
Armour         | 4 5 6 7 8 9 10 11 12 | 12.1
Maces & Flails | 3 4 5 7 8 9 10 | 10.7
Fighting       | 4 5 6 8 9 10 12 | 12.2
Shields        | 4 5 6 7 9 10 11 12 | 12.0
Invocations    | 2 5 6 |  6.0

Action                   |  1- 3 |  4- 6 |  7- 9 | 10-12 | 13-15 || total
-------------------------+-------+-------+-------+-------+-------++-------
Melee: Flail             |   162 |   230 |   503 |   982 |   111 ||  1988
Throw: Tomahawk          |       |       |       |       |     4 ||     4
  Use: Potion            |       |     2 |     2 |     9 |       ||    13
       Scroll            |       |       |    18 |    11 |       ||    29
  Eat: Fruit             |     2 |       |       |       |       ||     2
       Chunk             |       |     3 |    10 |    17 |       ||    30
       Bread ration      |       |     1 |     3 |     4 |       ||     8
       Pizza             |       |       |     4 |     1 |       ||     5
       Meat ration       |       |       |       |     1 |     2 ||     3
Armor: Scale mail        |    85 |   164 |   114 |       |       ||   363
       Plate armour      |       |       |   239 |   635 |    74 ||   948
Dodge: Dodged            |    64 |    82 |   153 |   242 |    20 ||   561
Block: Shield            |   101 |   165 |   380 |   669 |    87 ||  1402
